 Dungeon Crawl Stone Soup version 0.19-a0-1686-g35356ef (webtiles) character file.

74 Flanowski the Insei (level 4, -8/21 HPs)
             Began as a Vine Stalker Transmuter on Sept 25, 2016.
             Mangled by an orc
             ... wielding a +0 war axe
              (9 damage)
             ... on level 2 of the Dungeon.
             The game lasted 00:03:27 (2373 turns).

Flanowski the Insei (Vine Stalker Transmuter)       Turns: 2373, Time: 00:03:28

Health: -8/21      AC:  4    Str: 13    XL:     4   Next: 28%
Magic:  0/9        EV: 12    Int: 14    God:
Gold:   103        SH:  0    Dex: 14    Spells: 3 memorised, 2 levels left

rFire  . . .     SeeInvis .       - Unarmed
rCold  . . .     Gourm    .     b - +0 robe
rNeg   . . .     Faith    .     (no shield)
rPois  .         Spirit   +     (no helmet)
rElec  .         Dismiss  .     (no cloak)
rCorr  .         Reflect  .     g - +0 pair of gloves
MR     .....     Harm     .     (no boots)
Stlth  +.........               (no amulet)
                                (no ring)
                                (no ring)

@: very slightly contaminated
A: fangs 2, regeneration 1, magic shield, antimagic bite, no device heal 3, rot
immunity
a: no special abilities


You were on level 2 of the Dungeon.
You were not hungry.

You visited 1 branch of the dungeon, and saw 3 of its levels.

You collected 103 gold pieces.

Inventory:

Missiles
 a - 89 arrows
Armour
 b - a +0 robe (worn)
 g - a +0 pair of gloves (worn)
Jewellery
 n - a cursed ring of loudness {unknown}
Scrolls
 f - a scroll of remove curse {unknown}
 h - a scroll of recharging {unknown}
 j - a scroll of immolation {unknown}
 k - 2 scrolls of magic mapping {unknown}
 l - 2 scrolls of identify {unknown}
 m - a scroll of amnesia {unknown}
 q - 2 scrolls of teleportation {unknown}
 r - a scroll of fear {unknown}
Potions
 e - a potion of lignification {unknown}
 p - a potion of agility {unknown}
Books
 c - a book of Changes

   Spells                             Type                      Level
   a - Beastly Appendage              Transmutation                1
   b - Sticks to Snakes               Transmutation                2
   c - Spider Form                    Transmutation/Poison         3
   d - Ice Form                       Ice/Transmutation            4
   e - Blade Hands                    Transmutation                5
Comestibles
 d - 3 bread rations
 i - 2 beef jerkies
 o - 5 chunks of flesh


   Skills:
 + Level 0.8 Fighting
 + Level 1.9 Dodging
 * Level 4.2 Unarmed Combat
 + Level 2.9 Spellcasting
 * Level 2.2 Transmutations


You had 2 spell levels left.
You knew the following spells:

 Your Spells              Type           Power        Failure   Level  Hunger
a - Beastly Appendage     Tmut           #.....       12%         1    #......
b - Sticks to Snakes      Tmut           #.......     17%         2    ##.....
c - Spider Form           Tmut/Pois      #.........   47%         3    ###....


Dungeon Overview and Level Annotations

Branches:
Dungeon (3/15)

Altars:

Annotations:
D:3 Jessica


Innate Abilities, Weirdness & Mutations

You have extremely sharp teeth.
Your natural rate of healing is unusually fast.
When hurt, damage is shared between your health and your magic reserves.
Your bite disrupts and absorbs the magic of your enemies.
Potions and wands cannot restore your health.
You are immune to rotting.


Message History

You miscast Spider Form.
You are very lightly contaminated with residual magic.
Your hands glow momentarily.
Jessica casts a spell.
Jessica blinks!
The bat hits you. The orc closely misses you. Jessica casts a spell at you.
Pain shoots through your body! The sky beast hits you.
The sky beast shocks you.
* * * LOW HITPOINT WARNING * * *
You climb upwards.
There is a stone staircase leading down here.
You closely miss the bat. The bat closely misses you.
You barely miss the bat. The bat closely misses you.
The bat hits you but does no damage. The sky beast hits you.
* * * LOW HITPOINT WARNING * * *
The sky beast shocks you.
* * * LOW HITPOINT WARNING * * *
The orc hits you with a war axe!
You die...

#################
#########
#...............#
........#
#.#############.##
#######.# #.# #...
#.########b# #..#
#........Y@# #..#
##.######o## #..# #.####
#.###############.#
#....###.#...........###.#
#..#......................
#....###.#.#########.###.#
#.#.## #.#.# ##.###..
#.#.# #.#.###### #.......
##.#.# #........###..#.###


You could see a sky beast, an orc and a bat.

Vanquished Creatures
  3 gnolls (D:2)
  3 dart slugs
  4 ball pythons
  2 giant cockroaches (D:1)
  3 goblins (D:1)
  6 hobgoblins (D:1)
  6 jackals
  4 kobolds (D:1)
  2 quokkas (D:2)
  A bat (D:2)
  A frilled lizard (D:1)
  3 rats
38 creatures vanquished.

Notes
Turn   | Place    | Note
-------+----------+-------------------------------------------
     0 | D:1      | Flanowski the Vine Stalker Transmuter began the quest for the Orb.
     0 | D:1      | Reached XP level 1. HP: 9/9 MP: 4/4
   236 | D:1      | Reached XP level 2. HP: 6/14 MP: 1/6
  1157 | D:1      | Reached XP level 3. HP: 17/17 MP: 4/7
  1442 | D:2      | Learned a level 2 spell: Sticks to Snakes
  1446 | D:2      | Learned a level 3 spell: Spider Form
  1642 | D:2      | Reached skill level 4 in Unarmed Combat
  2267 | D:2      | Gained mutation: Your natural rate of healing is unusually fast. [Vine Stalker growth]
  2267 | D:2      | Reached XP level 4. HP: 21/21 MP: 2/9
  2368 | D:3      | Noticed Jessica
  2368 | D:3      | Noticed a sky beast
  2373 | D:2      | HP: 1/21 [sky beast (4)]
  2373 | D:2      | Mangled by an orc

Vault maps used:
D:1:      minmay_arrival_doors, minivault_11, minmay_misc_feat_four_crosses
D:2:      first_bread, minmay_split_cup_small
D:3:      kennysheep_ying_yang, uniq_jessica, uniq_robin, uniq_iyjb

Skill      XL: |  1  2  3 |
---------------+----------+-----
Unarmed Combat | 4 |  4.2
Fighting       | |  0.8
Dodging        | |  1.9
Spellcasting   | |  2.9
Transmutations | |  2.2

Action                   |  1- 3 |  4- 6 || total
-------------------------+-------+-------++-------
Melee: Unarmed           |   125 |     4 ||   129
       Bite              |    24 |       ||    24
       Kick              |    18 |       ||    18
       Punch             |     2 |       ||     2
       Headbutt          |     1 |       ||     1
 Cast: Beastly Appendage |    17 |       ||    17
       Spider Form       |     1 |       ||     1
       Sticks to Snakes  |     1 |       ||     1
 Stab: Sleeping          |     2 |       ||     2
       Distracted        |     1 |       ||     1
  Eat: Chunk             |     4 |     1 ||     5
Armor: Robe              |    42 |     1 ||    43
Dodge: Dodged            |    91 |     6 ||    97
